PBL
OAKLAND OAKS @ KELOWNA HEAT
10/04/2044
 
TOP OF THE 1ST
Oakland Oaks batting - Pitching for Kelowna Heat : RHP Tong Huang
Pitching: RHP Tong Huang
Batting: RHB Brian Callaghan 0-0: Fly out, F8 (Flyball, 89S, EV 76.2 MPH)
Batting: RHB Marcus Kressley 0-0: Ball
1-0: Foul Ball, location: 2F
1-1: SINGLE (Line Drive, 4D, EV 98.1 MPH)
Batting: LHB Alejandro Muniz 0-0: Called Strike
0-1: Fly out, F7 (Line Drive, 7, EV 88.8 MPH)
Batting: SHB Steve Salafia 0-0: Ball
1-0: Called Strike
Marcus Kressley steals 2nd base
1-1: Swinging Strike
1-2: Strikes out swinging
Top of the 1st over - 0 runs, 1 hit, 0 errors, 1 left on base; Oakland 0 - Kelowna 0
BOTTOM OF THE 1ST
Kelowna Heat batting - Pitching for Oakland Oaks : RHP Chad Cooper
Pitching: RHP Chad Cooper
Batting: RHB Miguel Gonzalez 0-0: Ball
1-0: Ball
2-0: Ball
3-0: Called Strike
3-1: Base on Balls
Batting: RHB Sadataka Kuwahara 0-0: Called Strike
0-1: Foul Ball, location: 2F
0-2: Ball
1-2: Ball
2-2: Ball
3-2: Foul Ball, location: 2F
3-2: Strikes out swinging
Batting: SHB David Barona 0-0: Ball
1-0: Called Strike
1-1: Called Strike
1-2: DOUBLE (Flyball, 8LXD, EV 92.5 MPH)
Miguel Gonzalez to third
Batting: RHB Edwin Verdugo 0-0: Ball
1-0: Called Strike
1-1: SINGLE (Line Drive, 9S, EV 86.2 MPH)
Miguel Gonzalez scores
David Barona to third
Batting: RHB Billy Pranger 0-0: Ball
Edwin Verdugo is caught stealing 2nd base 2-4
1-0: Ball
2-0: Called Strike
2-1: Ball
3-1: Called Strike
3-2: Foul Ball, location: 2F
3-2: Foul Ball, location: 2F
3-2: Base on Balls
Batting: LHB Steve Nevis 0-0: Ball
1-0: Ball
2-0: Called Strike
2-1: DOUBLE (Line Drive, 8RD, EV 89.4 MPH)
David Barona scores
Billy Pranger to third
Runner from 3rd tries for Home, SAFE, throw by CF to home
Batting: RHB Malik Sharpless 0-0: Swinging Strike
0-1: Fly out, F8 (Line Drive, 8RM, EV 89.4 MPH)
Bottom of the 1st over - 3 runs, 3 hits, 0 errors, 1 left on base; Oakland 0 - Kelowna 3
TOP OF THE 2ND
Oakland Oaks batting - Pitching for Kelowna Heat : RHP Tong Huang
Batting: LHB Mike Murphy 0-0: Called Strike
0-1: Called Strike
0-2: Foul Ball, location: 2F
0-2: Ball
1-2: Ball
2-2: Strikes out swinging, 2-3 out at first.
Batting: LHB Felipe Gomez 0-0: Foul Ball, location: 2F
0-1: Called Strike
0-2: Ball
1-2: Strikes out swinging
Batting: RHB Rusty Prodoehl 0-0: Called Strike
0-1: Called Strike
0-2: Ball
1-2: Strikes out swinging
Top of the 2nd over - 0 runs, 0 hits, 0 errors, 0 left on base; Oakland 0 - Kelowna 3
BOTTOM OF THE 2ND
Kelowna Heat batting - Pitching for Oakland Oaks : RHP Chad Cooper
Batting: RHB Josh Truell 0-0: Called Strike
0-1: SOLO HOME RUN (Flyball, 9D, EV 97.5 MPH), Distance : 390 ft
Batting: RHB Dave Putnam 0-0: Ball
1-0: Ball
2-0: Called Strike
2-1: Foul Ball, location: 2F
2-2: Ground out 6-3 (Groundball, 6, EV 103.1 MPH)
Batting: RHB Miguel Gonzalez 0-0: Called Strike
0-1: Ball
1-1: Ball
2-1: SINGLE (Groundball, 5S, EV 65.0 MPH) (infield hit)
Batting: RHB Sadataka Kuwahara 0-0: Called Strike
0-1: Swinging Strike
0-2: Ball
Miguel Gonzalez steals 2nd base (no throw)
1-2: Strikes out swinging
Batting: SHB David Barona 0-0: Ball
1-0: Ball
2-0: Called Strike
2-1: SINGLE (Line Drive, 7LM, EV 96.9 MPH)
Miguel Gonzalez to third
Runner from 3rd tries for Home, SAFE, throw by LF to home
Batting: RHB Edwin Verdugo 0-0: Ball
David Barona steals 2nd base (no throw)
1-0: Called Strike
1-1: Ball
2-1: Ball
3-1: Foul Ball, location: 2F
3-2: Base on Balls
Batting: RHB Billy Pranger 0-0: Called Strike
0-1: Foul Ball, location: 2F
0-2: Foul Ball, location: 2F
0-2: Foul Ball, location: 2F
0-2: SINGLE (Flyball, 7S, EV 81.2 MPH)
David Barona to third
Edwin Verdugo to second
Batting: LHB Steve Nevis 0-0: Ball
1-0: Ball
2-0: Called Strike
2-1: Swinging Strike
2-2: Strikes out looking
Bottom of the 2nd over - 2 runs, 4 hits, 0 errors, 3 left on base; Oakland 0 - Kelowna 5
TOP OF THE 3RD
Oakland Oaks batting - Pitching for Kelowna Heat : RHP Tong Huang
Batting: RHB Jake Leffel 0-0: Ball
1-0: Ball
2-0: Called Strike
2-1: Foul Ball, location: 2F
2-2: SINGLE (Line Drive, 34, EV 94.4 MPH)
Batting: RHB David Sharp 0-0: Ball
1-0: Ball
Wild Pitch!
Jake Leffel to second
2-0: Called Strike
2-1: Swinging Strike
2-2: Strikes out swinging
Batting: RHB Brian Callaghan 0-0: Fly out, F8 (Flyball, 8RD, EV 75.0 MPH)
Batting: RHB Marcus Kressley 0-0: Called Strike
0-1: Swinging Strike
0-2: Ball
1-2: Ball
2-2: SINGLE (Line Drive, 9LS, EV 112.5 MPH)
Jake Leffel to third
Batting: LHB Alejandro Muniz 0-0: Called Strike
0-1: SINGLE (Line Drive, 8LS, EV 103.1 MPH)
Jake Leffel scores
Marcus Kressley to second
Batting: SHB Steve Salafia 0-0: Foul Ball, location: 2F
0-1: Fielders Choice at 2nd, U4 (Groundball, 4M, EV 76.9 MPH)
Top of the 3rd over - 1 run, 3 hits, 0 errors, 2 left on base; Oakland 1 - Kelowna 5
BOTTOM OF THE 3RD
Kelowna Heat batting - Pitching for Oakland Oaks : RHP Chad Cooper
Batting: RHB Malik Sharpless 0-0: Called Strike
0-1: Foul Ball, location: 2F
0-2: SOLO HOME RUN (Flyball, 78XD, EV 110.6 MPH), Distance : 429 ft
Pitching: RHP Caleb Hansberger
Batting: RHB Josh Truell 0-0: Ball
1-0: Ball
2-0: Called Strike
2-1: SOLO HOME RUN (Flyball, 78XD, EV 113.8 MPH), Distance : 438 ft
Batting: RHB Dave Putnam 0-0: Called Strike
0-1: Foul Ball, location: 2F
0-2: Ball
1-2: Ball
2-2: Strikes out swinging
Batting: RHB Miguel Gonzalez 0-0: Ball
1-0: Swinging Strike
1-1: Called Strike
1-2: Ball
2-2: Ball
3-2: Foul Ball, location: 2F
3-2: Foul Ball, location: 2F
3-2: Fly out, F8 (Flyball, 89D, EV 97.5 MPH)
Batting: RHB Sadataka Kuwahara 0-0: Ball
1-0: Foul Ball, location: 2F
1-1: Foul Ball, location: 2F
1-2: Foul Ball, location: 2F
1-2: Foul Ball, location: 2F
1-2: Fly out, F9 (Flyball, 9D, EV 108.1 MPH)
Bottom of the 3rd over - 2 runs, 2 hits, 0 errors, 0 left on base; Oakland 1 - Kelowna 7
TOP OF THE 4TH
Oakland Oaks batting - Pitching for Kelowna Heat : RHP Tong Huang
Batting: LHB Mike Murphy 0-0: Called Strike
0-1: Foul Ball, location: 2F
0-2: Foul Ball, location: 2F
0-2: Strikes out swinging
Batting: LHB Felipe Gomez 0-0: Called Strike
0-1: Ball
1-1: Swinging Strike
1-2: Fly out, F9 (Flyball, 9D, EV 75.6 MPH)
Batting: RHB Rusty Prodoehl 0-0: SINGLE (Line Drive, 9S, EV 109.4 MPH)
Batting: RHB Jake Leffel 0-0: Ball
1-0: Ball
2-0: Ground out U3 (Groundball, 23, EV 88.1 MPH)
Top of the 4th over - 0 runs, 1 hit, 0 errors, 1 left on base; Oakland 1 - Kelowna 7
BOTTOM OF THE 4TH
Kelowna Heat batting - Pitching for Oakland Oaks : RHP Caleb Hansberger
Batting: SHB David Barona 0-0: Swinging Strike
0-1: Ball
1-1: Ground out 6-3 (Groundball, 6, EV 88.1 MPH)
Batting: RHB Edwin Verdugo 0-0: Called Strike
0-1: Ball
1-1: Ball
2-1: Ball
3-1: Base on Balls
Batting: RHB Billy Pranger 0-0: Called Strike
0-1: Ball
1-1: Foul Ball, location: 2F
Pickoff Throw to First - Out! 1-3
1-2: Ball
2-2: Strikes out swinging
Bottom of the 4th over - 0 runs, 0 hits, 0 errors, 0 left on base; Oakland 1 - Kelowna 7
TOP OF THE 5TH
Oakland Oaks batting - Pitching for Kelowna Heat : RHP Tong Huang
Batting: RHB David Sharp 0-0: Ball
1-0: Ball
2-0: Ball
3-0: Called Strike
3-1: Fly out, F4 (Flyball, 4D, EV 77.5 MPH)
Batting: RHB Brian Callaghan 0-0: Ball
1-0: Ball
2-0: Called Strike
2-1: Foul Ball, location: 2F
2-2: Ball
3-2: Foul Ball, location: 2F
3-2: Base on Balls
Batting: RHB Marcus Kressley 0-0: Called Strike
0-1: Ball
1-1: SINGLE (Line Drive, 9S, EV 100.0 MPH)
Brian Callaghan to second
Batting: LHB Alejandro Muniz 0-0: Called Strike
Brian Callaghan steals 3rd base (no throw)
Marcus Kressley to second
0-1: Ball
Wild Pitch!
Brian Callaghan scores
Marcus Kressley to third
1-1: Ball
2-1: Called Strike
2-2: Ball
3-2: SINGLE (Groundball, 34D, EV 95.6 MPH)
Marcus Kressley scores
Batting: SHB Steve Salafia 0-0: Ball
1-0: Fielders Choice at 2nd, 1-4 (Groundball, 15S, EV 71.9 MPH)
Batting: LHB Mike Murphy 0-0: Fly out, F4 (Popup, 4MD, EV 65.6 MPH)
Top of the 5th over - 2 runs, 2 hits, 0 errors, 1 left on base; Oakland 3 - Kelowna 7
BOTTOM OF THE 5TH
Kelowna Heat batting - Pitching for Oakland Oaks : RHP Caleb Hansberger
Batting: LHB Steve Nevis 0-0: Called Strike
0-1: Swinging Strike
0-2: Ball
1-2: Ground out 1-3 (Groundball, 13S, EV 62.5 MPH)
Batting: RHB Malik Sharpless 0-0: Swinging Strike
0-1: Ball
1-1: Ball
2-1: Called Strike
2-2: Ground out 6-3 (Groundball, 6, EV 96.9 MPH)
Batting: RHB Josh Truell 0-0: Foul Ball, location: 2F
0-1: Foul Ball, location: 2F
0-2: Foul Ball, location: 2F
0-2: Ball
1-2: Strikes out swinging
Bottom of the 5th over - 0 runs, 0 hits, 0 errors, 0 left on base; Oakland 3 - Kelowna 7
TOP OF THE 6TH
Oakland Oaks batting - Pitching for Kelowna Heat : RHP Tong Huang
Batting: LHB Felipe Gomez 0-0: Swinging Strike
0-1: Ball
1-1: Fly out, F2 (Popup, 2RF, EV 88.1 MPH)
Batting: RHB Rusty Prodoehl 0-0: Swinging Strike
0-1: Foul Ball, location: 2F
0-2: Ball
1-2: Ball
2-2: Strikes out swinging
Batting: RHB Jake Leffel 0-0: Ball
1-0: SINGLE (Line Drive, 6M, EV 95.6 MPH)
Batting: RHB David Sharp 0-0: Called Strike
0-1: Ball
1-1: Ball
2-1: Ball
3-1: Swinging Strike
3-2: Base on Balls
Jake Leffel to second
Batting: RHB Brian Callaghan 0-0: Fly out, F9 (Flyball, 9, EV 88.1 MPH)
Top of the 6th over - 0 runs, 1 hit, 0 errors, 2 left on base; Oakland 3 - Kelowna 7
BOTTOM OF THE 6TH
Kelowna Heat batting - Pitching for Oakland Oaks : RHP Caleb Hansberger
Pitching: RHP John Shutt
Batting: RHB Dave Putnam 0-0: Called Strike
0-1: Foul Ball, location: 2F
0-2: Ball
1-2: Strikes out swinging
Batting: RHB Miguel Gonzalez 0-0: Called Strike
0-1: Ground out 6-3 (Groundball, 6S, EV 68.1 MPH)
Batting: RHB Sadataka Kuwahara 0-0: Called Strike
0-1: Ball
1-1: Ball
2-1: Ball
3-1: Foul Ball, location: 2F
3-2: Base on Balls
Batting: SHB David Barona 0-0: Ball
1-0: Called Strike
Sadataka Kuwahara steals 2nd base
1-1: Ball
2-1: Swinging Strike
2-2: Strikes out swinging, 2-3 out at first.
Bottom of the 6th over - 0 runs, 0 hits, 0 errors, 1 left on base; Oakland 3 - Kelowna 7
TOP OF THE 7TH
Oakland Oaks batting - Pitching for Kelowna Heat : RHP Tong Huang
Batting: RHB Marcus Kressley 0-0: Ball
1-0: Called Strike
1-1: Foul Ball, location: 2F
1-2: Foul Ball, location: 2F
1-2: SINGLE (Groundball, 2L, EV 70.6 MPH) (infield hit)
Batting: LHB Alejandro Muniz 0-0: Fly out, F5 (Popup, 5SF, EV 71.9 MPH)
Batting: SHB Steve Salafia 0-0: Swinging Strike
0-1: Ball
1-1: Ball
2-1: Foul Ball, location: 2F
2-2: Ball
3-2: Strikes out swinging
Pitching: RHP Jonathan Simi
Batting: LHB Mike Murphy 0-0: Fly out, F7 (Flyball, 7S, EV 95.6 MPH)
Top of the 7th over - 0 runs, 1 hit, 0 errors, 1 left on base; Oakland 3 - Kelowna 7
BOTTOM OF THE 7TH
Kelowna Heat batting - Pitching for Oakland Oaks : RHP John Shutt
Batting: RHB Edwin Verdugo 0-0: Called Strike
0-1: Foul Ball, location: 2F
0-2: Ball
1-2: Ball
2-2: Ground out 5-3 (Groundball, 5S, EV 87.5 MPH)
Batting: RHB Billy Pranger 0-0: Ball
1-0: Called Strike
1-1: Swinging Strike
1-2: Foul Ball, location: 2F
1-2: Ball
2-2: Strikes out swinging
Batting: LHB Steve Nevis 0-0: Ground out 1-3 (Groundball, 13, EV 67.5 MPH)
Bottom of the 7th over - 0 runs, 0 hits, 0 errors, 0 left on base; Oakland 3 - Kelowna 7
TOP OF THE 8TH
Oakland Oaks batting - Pitching for Kelowna Heat : RHP Jonathan Simi
Batting: LHB Felipe Gomez 0-0: Ball
1-0: SINGLE (Flyball, 9S, EV 95.6 MPH)
Batting: RHB Rusty Prodoehl 0-0: Swinging Strike
0-1: Ball
1-1: Reached on error, E4 (Groundball, 4M, EV 106.9 MPH)
Felipe Gomez to second
Batting: LHB Igor Ciobanu 0-0: Foul Ball, location: 2F
0-1: Ball
1-1: Called Strike
1-2: Ball
2-2: Ground out 4-3 (Groundball, 4MD, EV 101.2 MPH)
Felipe Gomez to third
Rusty Prodoehl to second
Pinch Hitting: LHB Marcus Pollard 0-0: Ball
1-0: Foul Ball, location: 2F
1-1: Foul Ball, location: 2F
1-2: Strikes out swinging
Batting: RHB Brian Callaghan 0-0: Foul Ball, location: 2F
0-1: Ball
1-1: Fly out, F9 (Flyball, 89S, EV 93.8 MPH)
Top of the 8th over - 0 runs, 1 hit, 1 error, 2 left on base; Oakland 3 - Kelowna 7
BOTTOM OF THE 8TH
Kelowna Heat batting - Pitching for Oakland Oaks : RHP John Shutt
Pitching: RHP Igoryok Wolgaevsky
Now at 3B: Alberto Malagon
Batting: RHB Malik Sharpless 0-0: Called Strike
0-1: Ball
1-1: Foul Ball, location: 2F
1-2: Strikes out swinging
Batting: RHB Josh Truell 0-0: Ball
1-0: Fly out, F6 (Popup, 6M, EV 60.6 MPH)
Batting: RHB Dave Putnam 0-0: Ball
1-0: Called Strike
1-1: Reached on error, E6 (Groundball, 6, EV 86.9 MPH)
Batting: RHB Miguel Gonzalez 0-0: Called Strike
0-1: SINGLE (Line Drive, 9S, EV 93.1 MPH)
Dave Putnam to third
Runner from 3rd tries for Home, SAFE, throw by RF to home
Batting: RHB Sadataka Kuwahara 0-0: Ball
1-0: Ball
Miguel Gonzalez steals 2nd base
2-0: Called Strike
2-1: Ball
3-1: Base on Balls
Batting: SHB David Barona 0-0: Foul Ball, location: 2F
0-1: Swinging Strike
0-2: DOUBLE (Line Drive, 89M, EV 108.8 MPH)
Miguel Gonzalez scores
Sadataka Kuwahara to third
Runner from 3rd tries for Home, SAFE, throw by RF to home
Batting: RHB Edwin Verdugo 0-0: 2-RUN HOME RUN (Flyball, 7LD, EV 95.0 MPH), Distance : 357 ft
Pitching: RHP Nasser bin Ata
Batting: RHB Billy Pranger 0-0: Foul Ball, location: 2F
0-1: Ball
1-1: Ball
2-1: Ground out 6-3 (Groundball, 6, EV 82.5 MPH)
Bottom of the 8th over - 5 runs, 3 hits, 1 error, 0 left on base; Oakland 3 - Kelowna 12
TOP OF THE 9TH
Oakland Oaks batting - Pitching for Kelowna Heat : RHP Jonathan Simi
Pinch Hitting: RHB Antonio Olivares 0-0: Ball
1-0: Fly out, F9 (Flyball, 89S, EV 88.8 MPH)
Pinch Hitting: RHB Emiel Schlepers 0-0: TRIPLE (Flyball, 78D, EV 107.5 MPH)
Batting: SHB Steve Salafia 0-0: Called Strike
0-1: Ball
1-1: Ball
2-1: Ball
3-1: Base on Balls
Batting: LHB Mike Murphy 0-0: Ball
1-0: Foul Ball, location: 2F
1-1: Ball
2-1: Ball
Wild Pitch!
Emiel Schlepers scores
Steve Salafia to second
3-1: Base on Balls
Pitching: RHP Rory Bornt
Pinch Hitting: LHB Mike Adams 0-0: Called Strike
0-1: Foul Ball, location: 2F
0-2: Ball
1-2: Foul Ball, location: 2F
1-2: Fly out, F9 (Flyball, 89M, EV 91.9 MPH)
Batting: RHB Rusty Prodoehl 0-0: Ball
Passed Ball!
Steve Salafia to third
Mike Murphy to second
1-0: Called Strike
1-1: Fly out, F6 (Line Drive, 6, EV 73.8 MPH)
Top of the 9th over - 1 run, 1 hit, 0 errors, 2 left on base; Oakland 4 - Kelowna 12
Thursday, March 31st , 2022 - OOTP Baseball 22.12 Build 89